 Dungeon Crawl Stone Soup version 0.30.1-4-g462c640d31 (webtiles) character file.

Game seed: 17907085224465201447

603 sjcmbam the Cudgeller (level 7, -6/67 HPs)
             Began as a Troll Gladiator on Aug 22, 2023.
             Mangled by a water moccasin (8 damage)
             ... on level 6 of the Dungeon.
             The game lasted 00:22:10 (2665 turns).

sjcmbam the Cudgeller (Troll Gladiator)             Turns: 2665, Time: 00:22:11

Health: -6/67      AC:  4    Str: 25    XL:     7   Next: 18%
Magic:  6/6        EV: 10    Int:  4    God:
Gold:   181        SH:  0    Dex: 11    Spells: 6/6 levels left

rFire   + . .        W - +0 halberd
rCold   . . .        (shield currently unavailable)
rNeg    . . .        b - +0 robe
rPois   .            c - +0 hat
rElec   .            (no cloak)
rCorr   .            (gloves unavailable)
SInv    .            (boots unavailable)
Will    .....        (no amulet)
Stlth   +            j - ring of protection from fire
HPRegen 1.11/turn    (no ring)
MPRegen 0.10/turn

%: no passive effects
@: lethally poisoned (-6 -> -7)
A: large, unfitting armour, claws 3, regeneration 1, shaggy fur 1, tough skin 1
a: no special abilities


You were on level 6 of the Dungeon.
You visited 1 branch of the dungeon, and saw 6 of its levels.

You collected 181 gold pieces.

Inventory:

Hand Weapons
 a - a +0 flail
 g - a +0 short sword
 i - a +0 short sword
 n - a +0 dagger
 r - a +0 club
 t - a +0 short sword
 u - a +0 dagger
 v - a +0 short sword
 z - a +0 dagger
 C - a +0 dagger
 D - a +0 dagger
 F - a +0 dagger
 G - a +0 club
 O - a +0 hand axe
 Q - a +0 flail
 W - a +0 halberd (weapon)
 X - a +0 mace
 Z - a +0 whip
Missiles
 d - a throwing net
 e - a large rock
 h - 29 stones
Armour
 b - a +0 robe (worn)
 c - a +0 hat (worn)
 m - a +0 scale mail
 s - a +0 robe
 I - a +0 leather armour
 L - a +0 chain mail
 P - a +2 scale mail of fire resistance
 R - a +0 leather armour
 U - a +0 leather armour
Jewellery
 j - a ring of protection from fire (left claw)
 k - an amulet of the acrobat
 q - a ring of fire
 y - a ring of magical power
 M - an amulet of faith
 Y - a ring of positive energy
Wands
 H - a wand of flame (6) (quivered)
Scrolls
 f - a scroll of acquirement {unknown}
 p - 5 scrolls of identify {unknown}
 x - a scroll of vulnerability {unknown}
 B - a scroll of enchant weapon {unknown}
 J - 3 scrolls of teleportation {unknown}
 K - 4 scrolls of blinking {unknown}
 N - 3 scrolls of amnesia {unknown}
 T - a scroll of fog {unknown}
Potions
 l - a potion of attraction {unknown}
 o - a potion of lignification {unknown}
 w - 4 potions of curing {unknown}
 A - a potion of degeneration {unknown}
 E - a potion of berserk rage
 S - a potion of haste {unknown}
 V - 2 potions of invisibility {unknown}


   Skills:
 + Level 3.2 Fighting
 + Level 5.4 Maces & Flails
 + Level 1.7 Polearms
 + Level 2.0 Throwing
 + Level 3.6 Dodging
 + Level 0.2 Stealth
 + Level 0.2 Evocations


You had 6 spell levels left.
You didn't know any spells.
Your spell library contained the following spells:

 Spells                   Type           Power      Damage    Failure   Level
 Magic Dart               Conj           0%         1d3       50%         1
 Scorch                   Fire           0%         2d5       65%         2
 Searing Ray              Conj           0%         2d4       65%         2
 Call Canine Familiar     Summ           0%         N/A       86%         3
 Portal Projectile        Hex/Tloc       0%         N/A       86%         3
 Flame Wave               Conj/Fire      0%         2d4       99%         4
 Fulminant Prism          Conj/Hex       0%         3d5       99%         4
 Leda's Liquefaction      Hex/Erth       0%         N/A       99%         4
 Summon Cactus Giant      Summ           0%         N/A       100%        6


Dungeon Overview and Level Annotations

Branches:
Dungeon (6/15)
 Temple: D:4-7

Altars:


Innate Abilities, Weirdness & Mutations

You are too large for most types of armour.
You have claws for hands.
Your natural rate of healing is unusually fast.
You are covered in fur. (AC +1)
You have tough skin. (AC +1)


Message History

You slash the water moccasin!
The water moccasin is almost dead.
You feel sick. The water moccasin bites you.
The water moccasin completely misses you.
You closely miss the water moccasin.
The water moccasin is almost dead.
You feel sick. The water moccasin bites you. x2
You miss the water moccasin.
The water moccasin is almost dead.
You feel sick. The water moccasin bites you.
* * * LOW HITPOINT WARNING * * *
The water moccasin closely misses you.
You feel sick.
Okay, then.
Aiming: Throw Flame
Press: ? - help, Q - select action, (/) - cycle Shift-Dir - straight line, f - water moccasin
Aim: a water moccasin (almost dead, 48% to hit)
The puff of flame misses the water moccasin.
You feel sick.
You are no longer poisoned.
The water moccasin closely misses you.
You miss the water moccasin.
The water moccasin is almost dead.
The water moccasin bites you.
* * * LOW HITPOINT WARNING * * *
The water moccasin barely misses you. The water moccasin bites you!
* * * LOW HITPOINT WARNING * * *
You are poisoned.
The water moccasin poisons you!
You barely miss the water moccasin.
The water moccasin is almost dead.
* * * LOW HITPOINT WARNING * * *
You feel very sick.
The water moccasin bites you but does no damage.
You miss the water moccasin.
The water moccasin is almost dead.
* * * LOW HITPOINT WARNING * * *
You feel very sick. The water moccasin bites you!
You die...

# #.# #. #. #.# ..
#.##.##.# ....#....
#.... ....... .#...#
....... .#...# #.#$#.#
....# #.#S#.# #...#
#.#@#.## #...#####.
###.#....####.........
#...$.......†.........
#.........#.#########.
#.....#.#.#.#
#.....#.#.#<#
#.........#.#
#.###.#...#.# #.
.........


You could see a water moccasin.

Vanquished Creatures
  An ogre (D:5)
  A phantom (D:5)
  A scorpion (D:5)
  A jelly (D:5)
  A gnoll bouda (D:5)
  2 hounds
  2 iguanas
  Terence (D:3)
  4 gnolls (D:5)
  6 adders
  3 worms (D:2)
  4 dart slugs
  4 orcs
  6 endoplasms
  6 giant cockroaches
  4 goblins
  5 hobgoblins
  9 jackals
  2 quokkas (D:2)
  8 ball pythons
  6 bats
  3 frilled lizards
  11 kobolds
  10 rats
101 creatures vanquished.

Notes
Turn   | Place    | Note
-------+----------+-------------------------------------------
     0 | D:1      | sjcmbam the Troll Gladiator began the quest for the Orb.
     0 | D:1      | Reached XP level 1. HP: 19/19 MP: 0/0
   115 | D:1      | You fall into a shaft and drop 1 floor!
   148 | D:2      | Reached XP level 2. HP: 27/27 MP: 1/1
   172 | D:2      | Reached skill level 3 in Maces & Flails
   392 | D:2      | Reached XP level 3. HP: 18/35 MP: 2/2
   631 | D:2      | Reached XP level 4. HP: 42/42 MP: 3/3
  1273 | D:3      | Reached skill level 4 in Maces & Flails
  1276 | D:3      | Found a faded altar of an unknown god.
  1360 | D:3      | Noticed Terence
  1370 | D:3      | Killed Terence
  1574 | D:3      | Reached XP level 5. HP: 50/50 MP: 4/4
  2076 | D:5      | Entered Level 5 of the Dungeon
  2082 | D:5      | Reached XP level 6. HP: 58/59 MP: 5/5
  2095 | D:5      | Reached skill level 5 in Maces & Flails
  2346 | D:5      | Reached skill level 1 in Polearms
  2404 | D:5      | Reached XP level 7. HP: 67/67 MP: 6/6
  2664 | D:6      | HP: 3/67 [poisoned by a water moccasin]
  2665 | D:6      | Mangled by a water moccasin

Illustrated notes

Levels and vault maps discovered:
D:1:      pf_arrival_petrified_forest, layout_loops_ring
D:2:      minmay_thinvault, layout_loops_cross, st_stairs_10,
          grunt_decor_clamped, minmay_split_cup_large
D:3:      layout_basic, hellmonk_ecumenical_altar_run_dry, uniq_terence
D:4:      layout_basic, nicolae_shop_self_help, uniq_grinder
D:5:      layout_rooms, serial_rivers, chequers_serial_rivers_small_3,
          chequers_serial_rivers_micro_a, chequers_serial_rivers_large_b,
          chequers_serial_rivers_micro_a, chequers_serial_rivers_micro_a,
          chequers_serial_rivers_large_a, uniq_eustachio
D:6:      layout_loops_ring, mainiacjoe_overflow_surrounded_room,
          uniq_prince_ribbit1

Skill      XL: |  1  2  3  4  5  6 |
---------------+-------------------+-----
Maces & Flails | 3 4 5 |  5.4
Fighting       | 2 3 |  3.2
Dodging        | 3 |  3.6
Polearms       | 1 |  1.7
Throwing       | 2 |  2.0
Stealth        | |  0.2
Evocations     | |  0.2

Action                     |  1- 3 |  4- 6 |  7- 9 || total
---------------------------+-------+-------+-------++-------
  Melee: Flail             |   158 |   118 |       ||   276
         Punch             |     1 |     2 |       ||     3
         Halberd           |       |    51 |    28 ||    79
  Throw: Throwing net      |     2 |     1 |       ||     3
         Large rock        |     2 |       |       ||     2
  Evoke: Wand              |       |     7 |     4 ||    11
    Use: Potion            |       |     1 |       ||     1
   Stab: Sleeping          |     1 |       |       ||     1
         Distracted        |       |     1 |       ||     1
 Armour: Robe              |    87 |    68 |    11 ||   166
  Dodge: Dodged            |   107 |    90 |    22 ||   219
